 Dungeon Crawl Stone Soup version 0.21-a0-351-g38363bb (webtiles) character file.

153714 theanonym the Warrior (level 17, -22/170 (172) HPs)
             Began as a Minotaur Berserker on Oct 9, 2017.
             Was a High Priest of Trog.
             Annihilated by a titanic slime creature (81 damage)
             ... on level 4 of the Swamp.
             The game lasted 02:23:30 (31997 turns).

theanonym the Warrior (Minotaur Berserker)         Turns: 31997, Time: 02:23:30

HP:   -22/170 (172) AC: 25    Str: 34    XL:     17   Next: 5%
MP:   16/16         EV: 11    Int:  4    God:    Trog [*****.]
Gold: 1010          SH:  0    Dex: 11    Spells: 16/16 levels left

rFire    . . .     SeeInvis .   a - +4 battleaxe (flame)
rCold    . . .     Gourm    .   (shield currently unavailable)
rNeg     . . .     Faith    .   x - +0 plate armour {MR+}
rPois    +         Spirit   .   f - +1 hat
rElec    .         Reflect  .   w - scarf {repulsion}
rCorr    .         Harm     .   Y - +0 pair of gloves {Str+3}
MR       ++...                  l - +2 pair of boots {run}
Stlth    ..........             (no amulet)
HPRegen  0.38/turn              n - ring of poison resistance {rPois, !d}
MPRegen  0.15/turn              X - +3 ring of strength

@: berserk cooldown, slowed, repel missiles, very slow
A: retaliatory headbutt, horns 2
a: Berserk, Trog's Hand, Brothers in Arms, Burn Spellbooks, Renounce Religion


You were on level 4 of the Swamp.
You worshipped Trog.
Trog was extremely pleased with you.
You were not hungry.

You visited 5 branches of the dungeon, and saw 28 of its levels.
You also visited: Trove.

You collected 2891 gold pieces.
You spent 1881 gold pieces at shops.

Inventory:

Hand Weapons
 a - a +4 battleaxe of flaming (weapon)
   (Trog gifted it to you on level 14 of the Dungeon)
 b - a +7 antimagic battleaxe
   (Trog gifted it to you on level 10 of the Dungeon)
Missiles
 r - 6 tomahawks of returning
 v - 37 tomahawks
 S - 3 javelins of returning (quivered)
Armour
 f - a +1 hat (worn)
   (You took it off Gastronok on level 3 of the Lair of Beasts)
 l - a +2 pair of boots of running (worn)
   (You bought it in a shop on level 12 of the Dungeon)
 u - the +0 pair of gloves of Intercession {rPois rN+}
   (You found it on level 3 of the Swamp)

   It protects you from poison.
   It protects you from negative energy.
 w - a scarf of repulsion (worn)
   (You found it on level 3 of the Dungeon)
 x - a +0 plate armour of magic resistance (worn)
   (You bought it in a shop on level 2 of the Orcish Mines)
 D - a +2 pair of gloves
   (You found it on level 14 of the Dungeon)
 F - a +1 plate armour of cold resistance
   (You took it off an orc warrior on level 2 of the Orcish Mines)
 Y - a +0 pair of gloves of strength (worn)
   (You found it on level 11 of the Dungeon)
Jewellery
 d - an uncursed ring of ice {rC+, rF-}
   (You took it off Fannar on level 3 of the Lair of Beasts)
 i - an uncursed ring of protection from magic {MR+, !d}
   (You bought it in a shop on level 2 of the Orcish Mines)
 n - a ring of poison resistance (left hand) {rPois, !d}
   (You took it off a spriggan rider on level 3 of the Swamp)
 A - an uncursed ring of see invisible {sInv, !d}
   (You took it off an orc warrior on level 14 of the Dungeon)
 G - a +3 ring of evasion
   (You found it in a treasure trove)
 V - an uncursed ring of resist corrosion
   (You found it on level 6 of the Lair of Beasts)
 X - a +3 ring of strength (right hand)
   (You found it on level 6 of the Lair of Beasts)
 Z - an uncursed ring of fire {rF+, rC-}
   (You found it in a treasure trove)
Wands
 B - a wand of enslavement (10/24)
   (You took it off a crimson imp on level 14 of the Dungeon)
 I - a wand of paralysis (17/24)
   (You took it off a centaur on level 7 of the Dungeon)
 K - a wand of polymorph (15/24)
   (You found it on level 9 of the Dungeon)
 L - a wand of iceblast (1/15)
   (You found it on level 7 of the Dungeon)
 R - a wand of lightning (4/15)
   (You took it off Maurice on level 9 of the Dungeon)
 T - a wand of disintegration (16/24)
   (You found it on level 6 of the Lair of Beasts)
Scrolls
 e - 5 scrolls of recharging
 h - 4 scrolls of enchant weapon
 t - 13 scrolls of teleportation
 y - 18 scrolls of remove curse
 J - 4 scrolls of magic mapping {!r}
 M - 5 scrolls of enchant armour
 U - 2 scrolls of summoning
 W - a scroll of identify
Potions
 k - a potion of resistance
 o - 6 potions of flight
 p - 3 potions of haste
 z - 9 potions of curing
 E - 3 potions of might
 N - 4 potions of heal wounds
 O - a potion of agility
Miscellaneous
 g - a lamp of fire
   (You found it on level 12 of the Dungeon)
 s - a phantom mirror
 C - a fan of gales
   (You found it on level 1 of the Lair of Beasts)
 H - a phial of floods
   (You found it in a treasure trove)
Comestibles
 c - 12 bread rations {@e1}
 j - 19 royal jellies
 q - 15 fruits


   Skills:
 + Level 20.7 Fighting
 - Level 20.0 Axes
 * Level 19.2 Armour
 + Level 5.3 Dodging


You had 16 spell levels left.
You didn't know any spells.

Dungeon Overview and Level Annotations

Branches:
Dungeon (15/15)            Temple (0/1) D:4            Lair (6/6) D:10
  Swamp (4/4) Lair:4        Snake (0/4) Lair:4        Slime (0/5) Lair:6
    Orc (2/2) D:12            Elf (1/3) Orc:2        Vaults (0/5) D:13
 Depths (0/5) D:15

Altars:
Dithmenos
Gozag
Qazlal
Ru
Trog
Uskayaw
Wu Jian
The Shining One
Beogh

Shops:
D:7 *   D:12 [   D:15 [   Orc:2 [([=   Elf:1 =

Annotations:
D:12 exclusions: 2 electric eels and 1 more exclusion
Lair:5 exclusion: 2 downstairs


Innate Abilities, Weirdness & Mutations

You reflexively headbutt those who attack you in melee.
You have a pair of horns on your head.


Message History

The large abomination hits you.
You take 2 damage, and have 191/255 hp.
You slice the large abomination!! You burn the large abomination.
You destroy the large abomination!
Trog accepts your kill.
A slime creature comes into view.
The slime creature moves out of view.
Things that are here:
+0 swamp dragon scales; a swamp dragon corpse You feel a strong urge to attack something.
You slash the slime creature! You burn the slime creature.
You headbutt the slime creature!! You slice the slime creature!!
You burn the slime creature.
You kill the slime creature!
Trog accepts your kill.
You feel a strong urge to attack something.
You are no longer berserk.
You are exhausted.
You feel yourself slow down.
A slime creature comes into view.
You now have 129/170 hp.
You enter the shallow water.
Moving in this stuff is going to be slow.
The shadow hits you.
A slime creature comes into view.
A slime creature comes into view.
The slime creature quivers.
The shadow closely misses you. The slime creature hits you.
A slime creature comes into view.
You take 3 damage, and have 127/170 hp.
The slime creature quivers.
The shadow slips into darkness.
The shadow flickers and vanishes!
Deactivating autopickup; reactivate with Ctrl-A.
The slime creature jiggles.
The slime creature hits you.
A slime creature comes into view.
You take 5 damage, and have 122/170 hp.
The slime creature quivers.
The shadow strikes at you from the darkness!
Reactivating autopickup.
You take 27 damage, and have 95/170 hp.
You hit the shadow. You burn the shadow. You headbutt the shadow.
Two slime creatures merge to form a large slime creature.
The shadow hits you.
A slime creature comes into view.
The slime creature quivers.
You slash the shadow! You burn the shadow.
You destroy the shadow!
Trog accepts your kill.
A slime creature suddenly becomes a large slime creature.
The slime creature quivers.
You slice the large slime creature!! You burn the large slime creature.
You headbutt the large slime creature. You slice the slime creature!!
You burn the slime creature.
The slime creature hits you but does no damage.
Two slime creatures merge to form a very large slime creature.
A slime creature comes into view.
You slice the large slime creature!! You burn the large slime creature.
You headbutt the large slime creature, but do no damage.
You hit the slime creature but do no damage.
The large slime creature closely misses you.
The slime creature hits you but does no damage.
You slice the large slime creature!! You burn the large slime creature!
Your headbutt misses the large slime creature.
You slice the slime creature!! You burn the slime creature!
You kill the slime creature!
Trog accepts your kill.
The large slime creature barely misses you.
Two slime creatures merge to form a titanic slime creature.
You slice the titanic slime creature!! You burn the titanic slime creature!
You headbutt the titanic slime creature!
The titanic slime creature hits you but does no damage.
You slice the titanic slime creature!! You burn the titanic slime creature!
You headbutt the titanic slime creature!!
Two slime creatures merge to form a large slime creature.
The titanic slime creature closely misses you.
Your plate armour prevents you from hitting the titanic slime creature.
You headbutt the titanic slime creature!
The titanic slime creature barely misses you.
You furiously retaliate!
You headbutt the titanic slime creature!
You hit the titanic slime creature. You burn the titanic slime creature.
You headbutt the titanic slime creature!
The titanic slime creature hits you!!!
A white very ugly thing comes into view.
The white very ugly thing gurgles horribly!
You take 37 damage, and have 61/170 hp.
MASSIVE DAMAGE!!
You slice the titanic slime creature!! You burn the titanic slime creature!
A large slime creature splits.
The titanic slime creature hits you.
You take 3 damage, and have 58/170 hp.
You completely miss the titanic slime creature.
You headbutt the titanic slime creature.
The titanic slime creature barely misses you.
You furiously retaliate!
You headbutt the titanic slime creature!
You slash the titanic slime creature! You burn the titanic slime creature.
The titanic slime creature hits you!!!!
You die...

#≈≈≈J§§≈≈≈..≈≈
#≈≈§###≈≈#≈≈#≈#.
##§#[.#≈#≈≈#...#≈
##...#≈.#.≈.§.≈.
##.#≈≈#≈≈#u..#≈≈
##≈≈≈≈♣≈.#≈#≈≈#≈
##JJ≈.≈≈§.§≈≈..
##J#≈.≈≈#≈#.≈.
##@#≈≈#.♣...##.#≈#≈
♣#≈≈≈≈≈≈≈≈##.≈≈≈≈≈
♣#≈#.###≈##≈≈≈≈≈≈
##≈#..#≈≈.≈≈.≈.≈
##)..#≈≈#≈≈≈.#≈
##.#.≈#≈≈≈.#.#
##%#≈≈#≈≈≈≈#≈
##.≈♣≈≈..#≈♣
##≈...≈≈≈#≈


You could see a white very ugly thing, a titanic slime creature and 2 slime
creatures.

Vanquished Creatures
  Jorgrun (Swamp:4)
  A tentacled monstrosity (Swamp:4)
  Gastronok (Lair:3)
  Frances (Swamp:1)
  Roxanne (Swamp:2)
  Kirke (Swamp:2)
  2 very ugly things (Swamp:4)
  Nessos (Lair:4)
  A fire dragon (D:15)
  A green death (Swamp:4)
  Fannar (Lair:3)
  19 hydras
  Harold (Lair:3)
  An ice dragon (D:15)
  A ghost crab (Swamp:4)
  A catoblepas (Lair:6)
  4 centaur warriors
  7 alligators
  A death knight (D:10)
  Erica (D:8)
  A dancing weapon (Elf:1)
  6 two-headed ogres
  2 orc high priests (Orc:1)
  Sonja (D:11)
  A fire crab (Lair:5)
  A deep elf knight (Elf:1)
  2 sea snakes (Lair:6)
  3 unseen horrors
  3 spriggan druids
  6 swamp dragons
  A shambling mangrove (Swamp:3)
  2 wizards
  2 necromancers (D:13)
  Pikel (D:9)
  A wolf spider zombie (D:15)
  The ghost of B1inky the Nimble, a novice OpFi (D:7)
  An orc knight (D:15)
  12 deep elf magi
  2 orc sorcerers (Orc:2)
  3 cyclopes
  15 ugly things
  4 manticores (D:15)
  7 elephants
  5 black mambas
  Maurice (D:9)
  Joseph (D:9)
  Psyche (D:8)
  22 spiny frogs
  An orange demon (Swamp:4)
  A torpor snail (Lair:4)
  11 komodo dragons
  5 rime drakes
  An efreet (D:14)
  A kobold demonologist (D:15)
  A freezing wraith (D:10)
  3 meliai (D:13)
  A tengu conjurer (D:14)
  7 trolls
  A large abomination (Swamp:4)
  5 polar bears (Lair:6)
  17 hornets
  19 blink frogs
  A wind drake (Lair:6)
  9 hippogriffs
  6 tyrant leeches
  11 dream sheep
  13 bog bodies
  25 slime creatures
  6 shadows
  11 spriggans
  4 wraiths
  2 basilisks
  Grum (D:9)
  A water elemental (D:11)
  4 wyverns
  52 yaks
  3 hogs (Swamp:2)
  3 hungry ghosts
  A steam dragon (Lair:4)
  25 vampire mosquitoes
  The ghost of p0werm0de the Magician, an amateur GnWz of Cheibriados (D:5)
  Edmund (D:6)
  3 insubstantial wisps (Swamp:3)
  2 wargs
  3 nagas (Lair:4)
  26 swamp worms
  9 water moccasins
  An acid dragon (D:15)
  9 porcupines
  5 ice beasts
  A sky beast (D:10)
  4 swamp drakes
  A black bear (D:8)
  39 orc warriors
  3 phantoms
  2 eyes of draining
  7 ogres
  19 centaurs
  2 necrophages
  4 wolves
  A small abomination (Swamp:4)
  15 crocodiles
  4 big kobolds
  18 bullfrogs
  Blork the orc (D:6)
  A gnoll sergeant (D:7)
  A water moccasin zombie (D:6)
  A wyvern skeleton (D:14)
  3 scorpions
  A water moccasin skeleton (D:3)
  8 wights
  9 killer bees
  3 electric eels (D:10)
  7 howler monkeys
  The ghost of p0werm0de the Magician, a weakling GnWz (D:4)
  2 quasits
  7 crimson imps
  2 centaur zombies
  Crazy Yiuf (D:2)
  A bullfrog zombie (D:11)
  8 hounds
  13 orc priests
  9 jellies
  4 centaur skeletons
  2 iguanas
  26 orc wizards
  9 worker ants
  Natasha (thrice) (D:2)
  2 hound skeletons
  Robin (D:3)
  6 gnolls (D:7)
  A worker ant zombie (D:7)
  6 adders
  A shadow imp (D:10)
  7 oozes
  An adder skeleton (D:2)
  2 dart slugs
  3 leopard geckos
  84 orcs
  5 giant cockroaches
  13 goblins
  12 hobgoblins
  10 jackals
  3 quokkas
  A ball python (D:5)
  A ball python skeleton (D:4)
  9 bats
  7 frilled lizards
  15 kobolds
  A quokka skeleton (D:5)
  4 rats
  3 fungi
  5 plants
914 creatures vanquished.

Vanquished Creatures (collateral kills)
  Saint Roka (Orc:2)
  A thorn hunter (Swamp:1)
  A hydra (Swamp:3)
  A merfolk avatar (Lair:6)
  An alligator (Swamp:1)
  An elephant (Lair:6)
  A tyrant leech (Swamp:1)
  2 slime creatures (Swamp:3)
  2 swamp drakes
  An orc warrior (Orc:2)
  3 orcs (Orc:2)
15 creatures vanquished.

Vanquished Creatures (others)
  A cyclops (D:12)
  A hornet (Swamp:2)
  3 humans (Swamp:2)
  A big kobold (D:9)
  2 electric eels (D:12)
  A bullfrog zombie (D:9)
  A quasit (D:9)
  A shadow imp (D:5)
  3 kobolds (D:9)
  24 fungi
  24 plants (Lair:6)
62 creatures vanquished.

Grand Total: 991 creatures vanquished

Notes
Turn   | Place    | Note
-------+----------+-------------------------------------------
     0 | D:1      | theanonym the Minotaur Berserker began the quest for the Orb.
     0 | D:1      | Reached XP level 1. HP: 19/19 MP: 0/0
   136 | D:1      | Reached skill level 4 in Axes
   136 | D:1      | Reached XP level 2. HP: 21/27 MP: 1/1
   144 | D:1      | Reached skill level 4 in Fighting
   823 | D:2      | Reached XP level 3. HP: 32/33 MP: 2/2
   828 | D:2      | Reached ** piety under Trog
   838 | D:2      | Noticed Natasha
   843 | D:2      | Killed Natasha
  1095 | D:2      | Noticed Natasha
  1100 | D:2      | Killed Natasha
  1100 | D:2      | Reached skill level 5 in Axes
  1100 | D:2      | Reached skill level 3 in Armour
  1100 | D:2      | Reached XP level 4. HP: 28/41 MP: 3/3
  1211 | D:2      | Noticed Natasha
  1216 | D:2      | Killed Natasha
  1259 | D:2      | Found a runed door.
  1601 | D:2      | Noticed Crazy Yiuf
  1605 | D:2      | Killed Crazy Yiuf
  1605 | D:2      | Reached skill level 5 in Fighting
  1605 | D:2      | Reached XP level 5. HP: 48/48 MP: 4/4
  1688 | D:3      | Found a faded altar of an unknown god.
  1938 | D:3      | Noticed Robin
  1942 | D:3      | Killed Robin
  1942 | D:3      | Reached skill level 6 in Axes
  2382 | D:4      | Found a staircase to the Ecumenical Temple.
  2403 | D:4      | Noticed p0werm0de's ghost (weakling GnWz)
  2422 | D:4      | Reached skill level 4 in Armour
  2459 | D:4      | Killed p0werm0de's ghost
  2459 | D:4      | Reached XP level 6. HP: 56/56 MP: 5/5
  2629 | D:4      | Reached *** piety under Trog
  2734 | D:4      | Found a shadowy altar of Dithmenos.
  2744 | D:4      | Found a stormy altar of Qazlal.
  2747 | D:4      | Found a sacrificial altar of Ru.
  2750 | D:4      | Found an ornate altar of the Wu Jian Council.
  2787 | D:5      | Entered Level 5 of the Dungeon
  2802 | D:5      | Found a bloodstained altar of Trog.
  2823 | D:5      | Reached skill level 6 in Fighting
  2836 | D:5      | Reached skill level 5 in Armour
  3156 | D:5      | Reached XP level 7. HP: 63/63 MP: 6/6
  3258 | D:5      | Noticed p0werm0de's ghost (amateur GnWz)
  3279 | D:5      | Killed p0werm0de's ghost
  3279 | D:5      | Reached skill level 7 in Axes
  3556 | D:5      | Found a glowing golden altar of the Shining One.
  3678 | D:6      | Reached skill level 6 in Armour
  3689 | D:6      | Found an opulent altar of Gozag.
  3706 | D:6      | Noticed a hungry ghost
  3861 | D:6      | Killed a hungry ghost
  3861 | D:6      | Reached skill level 7 in Armour
  3913 | D:6      | Noticed Blork the orc
  3918 | D:6      | Reached skill level 7 in Fighting
  3918 | D:6      | Reached XP level 8. HP: 73/73 MP: 7/7
  3921 | D:6      | Killed Blork the orc
  4204 | D:6      | Got a dull robe
  4272 | D:6      | Reached skill level 8 in Armour
  4364 | D:6      | Noticed Edmund
  4368 | D:6      | Killed Edmund
  4509 | D:7      | Reached skill level 8 in Fighting
  4512 | D:7      | Noticed B1inky's ghost (novice OpFi)
  4520 | D:7      | Killed B1inky's ghost
  4520 | D:7      | Reached skill level 9 in Armour
  4547 | D:7      | Reached XP level 9. HP: 82/82 MP: 8/8
  4625 | D:7      | Reached **** piety under Trog
  4632 | D:7      | Identified the cursed +1 war axe of the Unliving {vamp, MR+ Str+4 Int-2 Stlth+} (You found it on level 7 of the Dungeon)
  4663 | D:7      | Reached skill level 10 in Armour
  4698 | D:7      | Reached skill level 9 in Fighting
  4759 | D:7      | Found Ylozuj's Assorted Antiques.
  4767 | D:7      | Bought a scroll of identify for 40 gold pieces
  4778 | D:7      | Reached skill level 8 in Axes
  4786 | D:7      | Paralysed by a centaur for 2 turns
  4792 | D:7      | Paralysed by a centaur for 5 turns
  5200 | D:8      | Reached skill level 9 in Axes
  5529 | D:8      | Noticed Erica
  5547 | D:8      | Killed Erica
  5547 | D:8      | Reached skill level 10 in Fighting
  5547 | D:8      | Reached skill level 10 in Axes
  5547 | D:8      | Reached skill level 11 in Armour
  5547 | D:8      | Reached XP level 10. HP: 92/92 MP: 9/9
  5669 | D:8      | Reached ***** piety under Trog
  5752 | D:8      | Noticed Psyche
  5758 | D:8      | Killed Psyche
  5854 | D:8      | Reached skill level 11 in Axes
  5858 | D:8      | Noticed a two-headed ogre
  5864 | D:8      | HP: 30/138 [two-headed ogre/giant club (17)]
  5866 | D:8      | Killed a two-headed ogre
  6465 | D:9      | Noticed Joseph
  6485 | D:9      | Killed Joseph
  6603 | D:9      | Noticed Pikel
  6612 | D:9      | Killed Pikel
  6612 | D:9      | Reached skill level 12 in Axes
  6683 | D:9      | Noticed Grum
  6693 | D:9      | Killed Grum
  6739 | D:9      | Noticed Maurice
  6752 | D:9      | Killed Maurice
  6752 | D:9      | Reached skill level 11 in Fighting
  7218 | D:10     | Entered Level 10 of the Dungeon
  7275 | D:10     | Found a staircase to the Lair.
  7299 | D:10     | Reached XP level 11. HP: 74/101 MP: 10/10
  7571 | D:10     | Reached skill level 13 in Axes
  7893 | D:10     | Noticed a two-headed ogre
  7899 | D:10     | Killed a two-headed ogre
  8450 | D:10     | Noticed a death knight
  8460 | D:10     | Killed a death knight
  8463 | D:10     | Reached skill level 14 in Axes
  8478 | D:10     | Received a gift from Trog
  8481 | D:10     | Reached skill level 12 in Fighting
  9199 | D:11     | Noticed Sonja
  9206 | D:11     | Killed Sonja
  9227 | D:11     | Reached skill level 12 in Armour
  9677 | D:11     | Noticed a green ugly thing
  9685 | D:11     | Killed a green ugly thing
  9830 | D:11     | Reached skill level 15 in Axes
 10629 | D:12     | Found a staircase to the Orcish Mines.
 10642 | D:12     | Reached XP level 12. HP: 71/111 MP: 3/11
 10953 | D:12     | Noticed a two-headed ogre
 10961 | D:12     | Killed a two-headed ogre
 11393 | D:12     | Noticed a six-headed hydra
 11402 | D:12     | Killed a nine-headed hydra
 11679 | D:12     | Reached skill level 16 in Axes
 11703 | D:12     | Found a portal to a secret trove of treasure.
 11792 | D:12     | Found Yvvaruj's Armour Emporium.
 11841 | Trove    | Entered a treasure trove
 11870 | Trove    | Got a pair of heavily runed gloves
 11889 | Trove    | Identified the -2 pair of gloves of Untruth {Stlth+} (You found it in a treasure trove)
 11981 | D:12     | Bought a +1 pair of boots of running for 547 gold pieces
 12213 | Orc:1    | Entered Level 1 of the Orcish Mines
 12382 | D:13     | Noticed a six-headed hydra
 12390 | D:13     | Killed a ten-headed hydra
 12570 | D:13     | Reached skill level 13 in Fighting
 12840 | D:13     | Noticed a two-headed ogre
 12846 | D:13     | Killed a two-headed ogre
 13111 | D:13     | Reached skill level 13 in Armour
 13412 | D:13     | Reached * piety under Trog
 13426 | D:13     | Found a gate to the Vaults.
 13467 | D:13     | Reached skill level 17 in Axes
 13625 | D:13     | Noticed a centaur warrior
 13630 | D:13     | Killed a centaur warrior
 13824 | Orc:1    | Noticed an orc high priest
 13831 | Orc:1    | Killed an orc high priest
 13849 | Orc:1    | Reached XP level 13. HP: 110/121 MP: 4/12
 14071 | Orc:2    | Entered Level 2 of the Orcish Mines
 14239 | Orc:2    | Noticed Saint Roka
 14976 | Lair:1   | Entered Level 1 of the Lair of Beasts
 15133 | Lair:2   | Found the +0 pair of fencer's gloves {+Riposte Dex+3}
 15344 | Lair:1   | Reached skill level 14 in Fighting
 16314 | Lair:2   | Reached skill level 14 in Armour
 16628 | Lair:3   | Noticed Harold
 16641 | Lair:3   | Killed Harold
 16641 | Lair:3   | Reached skill level 18 in Axes
 16961 | Lair:3   | Noticed Fannar
 16973 | Lair:3   | Killed Fannar
 17111 | Lair:3   | HP: 45/184 [13-headed hydra (7)]
 17495 | Lair:3   | Noticed Gastronok
 17542 | Lair:3   | Killed Gastronok
 17962 | Lair:4   | Noticed Nessos
 17980 | Lair:4   | Killed Nessos
 18134 | Lair:4   | Found a staircase to the Snake Pit.
 18230 | Lair:4   | Found a staircase to the Swamp.
 18463 | Lair:4   | Reached XP level 14. HP: 124/131 MP: 4/13
 18721 | Lair:4   | Reached skill level 15 in Armour
 19757 | Lair:5   | Reached skill level 15 in Fighting
 19966 | Lair:5   | Reached skill level 19 in Axes
 20324 | Lair:6   | Entered Level 6 of the Lair of Beasts
 21828 | Lair:6   | Found a staircase to the Slime Pits.
 21863 | Lair:6   | Reached skill level 20 in Axes
 22363 | Lair:6   | Found the +6 shillelagh "Devastator" {shatter}
 22371 | Lair:6   | Reached skill level 16 in Fighting
 22409 | Lair:6   | Reached skill level 16 in Armour
 22987 | Orc:2    | Killed Saint Roka
 23126 | Orc:2    | Found Naem's Antique Weapon Shoppe.
 23127 | Orc:2    | Found a roughly hewn altar of Beogh.
 23130 | Orc:2    | Found Yteatsie's Antique Armour Emporium.
 23161 | Orc:2    | Bought a shiny plate armour for 754 gold pieces
 23189 | Orc:2    | Reached XP level 15. HP: 128/142 MP: 4/14
 23491 | Orc:2    | Found a roughly hewn altar of Beogh.
 23607 | Orc:2    | Found a staircase to the Elven Halls.
 23696 | Orc:2    | Found a roughly hewn altar of Beogh.
 23801 | Orc:2    | Found a roughly hewn altar of Beogh.
 23801 | Orc:2    | Found Maxkus's Armour Boutique.
 23933 | Orc:2    | Found a roughly hewn altar of Beogh.
 23945 | Orc:2    | Found Guoleb's Jewellery Shoppe.
 23955 | Orc:2    | Bought an uncursed ring of magical power for 240 gold pieces
 24080 | Orc:2    | Bought an uncursed ring of protection from magic for 300 gold pieces
 24145 | Elf:1    | Entered Level 1 of the Elven Halls
 24201 | Elf:1    | Reached skill level 3 in Dodging
 24248 | Elf:1    | Found Gidyrphiede's Jewellery Shop.
 24302 | Elf:1    | HP: 22/144 [deep elf mage/bolt of lightning (24)]
 24812 | D:14     | Reached skill level 17 in Fighting
 24941 | D:14     | Reached skill level 17 in Armour
 25065 | D:14     | Received a gift from Trog
 25505 | D:15     | Entered Level 15 of the Dungeon
 25715 | D:15     | Found a hide-covered altar of Uskayaw.
 26027 | D:15     | Found a staircase to the Depths.
 26499 | D:15     | Found Wipsidy's Antique Armour Shop.
 26936 | Swamp:1  | Entered Level 1 of the Swamp
 26992 | Swamp:1  | Reached skill level 18 in Armour
 27163 | Lair:4   | Reached skill level 18 in Fighting
 27641 | Swamp:1  | Reached XP level 16. HP: 147/155 MP: 15/15
 27660 | Swamp:1  | Noticed Frances
 27800 | Swamp:1  | Killed Frances
 28026 | Swamp:1  | Noticed a thorn hunter
 28032 | Swamp:1  | Killed a thorn hunter
 28720 | Swamp:2  | Noticed Roxanne
 28729 | Swamp:2  | Killed Roxanne
 28925 | Swamp:2  | Noticed Kirke
 28932 | Swamp:2  | Killed Kirke
 28982 | Swamp:2  | Upgraded the game from 0.21-a0-349-g0c35859 to 0.21-a0-351-g38363bb
 29069 | Swamp:2  | Reached skill level 19 in Fighting
 29716 | Swamp:3  | Reached skill level 4 in Dodging
 30399 | Swamp:3  | Received a gift from Trog
 30638 | Swamp:3  | Got a pair of steaming gloves
 30688 | Swamp:3  | Reached skill level 19 in Armour
 30856 | Swamp:4  | Entered Level 4 of the Swamp
 30875 | Swamp:3  | Identified the +0 pair of gloves of Intercession {rPois rN+} (You found it on level 3 of the Swamp)
 31158 | Swamp:4  | Reached skill level 20 in Fighting
 31166 | Swamp:4  | Noticed Jorgrun
 31177 | Swamp:4  | Killed Jorgrun
 31344 | Swamp:4  | Reached skill level 5 in Dodging
 31907 | Swamp:4  | Received a gift from Trog
 31966 | Swamp:4  | Noticed a tentacled monstrosity
 31970 | Swamp:4  | Reached XP level 17. HP: 169/169 MP: 16/16
 31972 | Swamp:4  | Killed a tentacled monstrosity
 31997 | Swamp:4  | Annihilated by a titanic slime creature

Vault maps used:
D:1:      minmay_arrival_arboretum_small
D:2:      uniq_natasha, uniq_crazy_yiuf_cottage
D:3:      chequers_ecumenical_altar_simple, uniq_robin
D:4:      grunt_temple_overflow_cloverleaf, minmay_temple_entry_hall,
          first_bread, hex_intersection
D:5:      bloody_trog, tso_altar
D:6:      basic_altar, uniq_blork_the_orc, uniq_edmund
D:7:      serial_shops, kennysheep_little_box, kennysheep_flooded_box
D:8:      serial_bayou_crossing, uniq_erica, uniq_psyche
D:9:      uniq_maurice, uniq_joseph, uniq_pikel, uniq_grum
D:10:     erik_lair_island, hangedman_little_slice_of_home
D:11:     minivault_4, hangedman_abyss_or_decor_stagger, uniq_sonja
D:12:     david_orc_2, serial_shops, kennysheep_mini_moat,
          nicolae_trove_entry_columns, solitary_fountain, lemuel_freeze_loot_1
D:13:     david_vaults_1
D:14:     serial_aquarium, aquarium_bridge_island_small, aquarium_bridge_square,
          aquarium_window_double, aquarium_window_1, aquarium_window_fake,
          aquarium_window_2, aquarium_view_2d, aquarium_view_2d,
          aquarium_pool_side
D:15:     grunt_enter_depths_hoard, lemuel_doored_altar, serial_shops,
          nicolae_shop_trees
Lair:3:   wad_woods_03, uniq_fannar, uniq_gastronok, uniq_harold
Lair:4:   swamp_mist_pool, guppyfry_snake_entry_island,
          hangedman_lair_generics_rect, uniq_nessos
Lair:5:   lemuel_fruit_fields
Lair:6:   gammafunk_lair_ancient_temple, minmay_slime_entry_pillars
Swamp:1:  nicolae_swamp_very_dense_foliage, swamp_pool1, uniq_frances
Swamp:2:  infiniplex_staircase_pool, swamp_pool3, uniq_roxanne, uniq_kirke
Swamp:3:  nicolae_swamp_rocky_clearing
Swamp:4:  swamp_vile, swamp_pool4, nicolae_swamp_spriggan_camp, uniq_jorgrun
Orc:1:    basic_altar
Orc:2:    grunt_orc_community_town_hall, grunt_orc_community_big_house_1,
          grunt_orc_community_big_house_2, grunt_orc_community_house_3,
          grunt_orc_community_house_1, grunt_orc_community_house_3,
          grunt_orc_community_house_3
Elf:1:    minmay_elf_arrival_summoners, serial_sigils,
          serial_sigils_hangedman_gut, serial_sigils_hangedman_confine,
          serial_sigils_hangedman_carve, serial_sigils_hangedman_leer,
          serial_shops, shop, hangedman_elf_represent, st_stairs_1
Trove:    trove_simple

Skill      XL: |  1  2  3  4  5  6  7  8  9 10 11 12 13 14 15 16 |
---------------+-------------------------------------------------+-----
Axes           | 4 5 6 7 10 12 15 17 18 20 | 20.0
Fighting       | 4 5 6 7 8 10 11 12 13 14 16 18 20 | 20.7
Armour         | 3 4 5 7 9 11 12 13 14 16 18 19 | 19.2
Dodging        | 3 5 |  5.3

Action                   |  1- 3 |  4- 6 |  7- 9 | 10-12 | 13-15 | 16-18 || total
-------------------------+-------+-------+-------+-------+-------+-------++-------
Melee: Hand axe          |    52 |    22 |    93 |       |       |       ||   167
       Headbutt          |     8 |    21 |    41 |   112 |   196 |   108 ||   486
       Quarterstaff      |       |   103 |    72 |       |       |       ||   175
       Broad axe         |       |       |    36 |   246 |       |       ||   282
       Battleaxe         |       |       |       |   253 |   879 |   395 ||  1527
Throw: Tomahawk          |       |       |       |    21 |    13 |       ||    34
       Javelin           |       |       |       |     2 |    12 |     1 ||    15
Invok: Berserk           |       |     2 |     6 |    12 |    18 |     5 ||    43
       Trog's Hand       |       |     1 |     4 |     3 |    23 |    12 ||    43
       Burn Spellbooks   |       |       |       |     2 |     2 |     3 ||     7
       Brothers in Arms  |       |       |       |       |     3 |     6 ||     9
Evoke: Wand              |       |       |       |     1 |     2 |       ||     3
  Use: Scroll            |     1 |       |     5 |     5 |    27 |     3 ||    41
       Potion            |       |       |       |       |     7 |       ||     7
 Stab: Distracted        |       |       |     1 |       |       |       ||     1
  Eat: Chunk             |       |     4 |     6 |    26 |    38 |     3 ||    77
       Meat ration       |       |     1 |     2 |     1 |     5 |     3 ||    12
       Royal jelly       |       |       |     1 |     1 |     1 |       ||     3
       Bread ration      |       |       |       |     1 |     1 |     1 ||     3
       Fruit             |       |       |       |     3 |     3 |     2 ||     8
Armor: Animal skin       |     7 |       |       |       |       |       ||     7
       Fire dragon scale |    13 |    53 |   127 |    25 |       |       ||   218
       Ring mail         |       |       |       |   110 |       |       ||   110
       Plate armour      |       |       |       |    89 |   611 |   109 ||   809
       Swamp dragon scal |       |       |       |       |       |    77 ||    77
Dodge: Dodged            |    34 |    67 |    95 |   249 |   441 |   181 ||  1067
       Deflected         |       |       |     5 |    15 |    24 |     9 ||    53

Table legend:
 A = Spawn XP
 B = Non-spawn XP
 C = Spawn XP percentage of total XP
 D = Spawn monster count
 E = Non-spawn monster count
 F = Spawn count percentage of total count
 G = Total turns spent on level
                    A         B        C        D         E        F      G
               +---------+---------+-------+---------+---------+-------+---------
         Total |       0 |  219592 |   0.0 |       0 |     924 |   0.0 | 31997
               +---------+---------+-------+---------+---------+-------+---------
           D:1 |       0 |      34 |   0.0 |       0 |      21 |   0.0 |   730
           D:2 |       0 |     168 |   0.0 |       0 |      14 |   0.0 |   922
           D:3 |       0 |     128 |   0.0 |       0 |      28 |   0.0 |   726
           D:4 |       0 |     208 |   0.0 |       0 |      15 |   0.0 |   409
           D:5 |       0 |     445 |   0.0 |       0 |      16 |   0.0 |  1024
           D:6 |       0 |    1039 |   0.0 |       0 |      21 |   0.0 |   681
           D:7 |       0 |    1989 |   0.0 |       0 |      32 |   0.0 |   655
           D:8 |       0 |    3954 |   0.0 |       0 |      31 |   0.0 |  1212
           D:9 |       0 |    2662 |   0.0 |       0 |      18 |   0.0 |   859
          D:10 |       0 |    6071 |   0.0 |       0 |      54 |   0.0 |  2074
          D:11 |       0 |    4624 |   0.0 |       0 |      32 |   0.0 |  1607
          D:12 |       0 |    5284 |   0.0 |       0 |      31 |   0.0 |  1780
          D:13 |       0 |   10393 |   0.0 |       0 |      37 |   0.0 |  1570
          D:14 |       0 |   11815 |   0.0 |       0 |      41 |   0.0 |   789
          D:15 |       0 |   14389 |   0.0 |       0 |      41 |   0.0 |  1233
        Lair:1 |       0 |    5622 |   0.0 |       0 |      23 |   0.0 |   937
        Lair:2 |       0 |    3189 |   0.0 |       0 |      17 |   0.0 |   804
        Lair:3 |       0 |    9513 |   0.0 |       0 |      24 |   0.0 |  1348
        Lair:4 |       0 |   10126 |   0.0 |       0 |      30 |   0.0 |  1579
        Lair:5 |       0 |    8130 |   0.0 |       0 |      24 |   0.0 |  1833
        Lair:6 |       0 |   23937 |   0.0 |       0 |      83 |   0.0 |  1649
       Swamp:1 |       0 |   18166 |   0.0 |       0 |      50 |   0.0 |  1477
       Swamp:2 |       0 |   15247 |   0.0 |       0 |      35 |   0.0 |   914
       Swamp:3 |       0 |   13494 |   0.0 |       0 |      41 |   0.0 |  1376
       Swamp:4 |       0 |   29220 |   0.0 |       0 |      56 |   0.0 |  1068
         Orc:1 |       0 |    3102 |   0.0 |       0 |      19 |   0.0 |   898
         Orc:2 |       0 |    8744 |   0.0 |       0 |      77 |   0.0 |  1616
         Elf:1 |       0 |    7899 |   0.0 |       0 |      13 |   0.0 |   159
               +---------+---------+-------+---------+---------+-------+---------

Vault maps used:
D:1:      minmay_arrival_arboretum_small
D:2:      uniq_natasha, uniq_crazy_yiuf_cottage
D:3:      chequers_ecumenical_altar_simple, uniq_robin
D:4:      grunt_temple_overflow_cloverleaf, minmay_temple_entry_hall,
          first_bread, hex_intersection
D:5:      bloody_trog, tso_altar
D:6:      basic_altar, uniq_blork_the_orc, uniq_edmund
D:7:      serial_shops, kennysheep_little_box, kennysheep_flooded_box
D:8:      serial_bayou_crossing, uniq_erica, uniq_psyche
D:9:      uniq_maurice, uniq_joseph, uniq_pikel, uniq_grum
D:10:     erik_lair_island, hangedman_little_slice_of_home
D:11:     minivault_4, hangedman_abyss_or_decor_stagger, uniq_sonja
D:12:     david_orc_2, serial_shops, kennysheep_mini_moat,
          nicolae_trove_entry_columns, solitary_fountain, lemuel_freeze_loot_1
D:13:     david_vaults_1
D:14:     serial_aquarium, aquarium_bridge_island_small, aquarium_bridge_square,
          aquarium_window_double, aquarium_window_1, aquarium_window_fake,
          aquarium_window_2, aquarium_view_2d, aquarium_view_2d,
          aquarium_pool_side
D:15:     grunt_enter_depths_hoard, lemuel_doored_altar, serial_shops,
          nicolae_shop_trees
Lair:3:   wad_woods_03, uniq_fannar, uniq_gastronok, uniq_harold
Lair:4:   swamp_mist_pool, guppyfry_snake_entry_island,
          hangedman_lair_generics_rect, uniq_nessos
Lair:5:   lemuel_fruit_fields
Lair:6:   gammafunk_lair_ancient_temple, minmay_slime_entry_pillars
Swamp:1:  nicolae_swamp_very_dense_foliage, swamp_pool1, uniq_frances
Swamp:2:  infiniplex_staircase_pool, swamp_pool3, uniq_roxanne, uniq_kirke
Swamp:3:  nicolae_swamp_rocky_clearing
Swamp:4:  swamp_vile, swamp_pool4, nicolae_swamp_spriggan_camp, uniq_jorgrun
Orc:1:    basic_altar
Orc:2:    grunt_orc_community_town_hall, grunt_orc_community_big_house_1,
          grunt_orc_community_big_house_2, grunt_orc_community_house_3,
          grunt_orc_community_house_1, grunt_orc_community_house_3,
          grunt_orc_community_house_3
Elf:1:    minmay_elf_arrival_summoners, serial_sigils,
          serial_sigils_hangedman_gut, serial_sigils_hangedman_confine,
          serial_sigils_hangedman_carve, serial_sigils_hangedman_leer,
          serial_shops, shop, hangedman_elf_represent, st_stairs_1
Trove:    trove_simple

Table legend:
 A = Turns spent in this place as a percentage of turns spent in the entire game.
 B = Non-inter-level travel turns spent in this place as a percentage of non-inter-level travel turns spent in the entire game.
 C = Inter-level travel turns spent in this place as a percentage of turns spent in this place.
 D = Turns resting spent in this place as a percentage of non-inter-level travel turns spent in this place.
 E = Turns spent auto-exploring this place as a percentage of non-inter-level travel turns spent in this place.
 F = Non-inter-level travel turns spent in this place divided by the number of levels of this place that you've seen.
                   A       B       C       D       E      F
               +-------+-------+-------+-------+-------+----------------------
         Total | 100.0 | 100.0 |   5.4 |  31.4 |  46.4 | 1044.3
       Dungeon |  50.9 |  50.6 |   5.8 |  28.8 |  52.6 | 1022.3
          Lair |  25.5 |  25.7 |   4.6 |  35.4 |  45.2 | 1296.3
         Swamp |  15.1 |  15.6 |   2.4 |  30.7 |  36.4 | 1179.5
  Orcish Mines |   7.9 |   7.4 |  11.4 |  39.5 |  32.1 | 1114.0
   Elven Halls |   0.5 |   0.5 |   0.0 |   8.2 |  13.2 | 159.0
         Trove |   0.2 |   0.2 |   0.0 |   0.0 |  30.9 |  68.0
               +-------+-------+-------+-------+-------+----------------------

Table legend:
 A = Kills in this place as a percentage of kills in entire the game.
 B = Kills by you in this place as a percentage of kills by you in the entire game.
 C = Kills by friends in this place as a percentage of kills by friends in the entire game.
 D = Other kills in this place as a percentage of other kills in the entire game.
 E = Experience gained in this place as a percentage of experience gained in the entire game.
 F = Experience gained in this place divided by the number of levels of this place that you have seen.
                   A       B       C       D       E      F
               +-------+-------+-------+-------+-------+----------------------
         Total | 100.0 | 100.0 | 100.0 | 100.0 | 100.0 | 7572.1
       Dungeon |  46.8 |  47.5 |   0.0 |  66.7 |  28.8 | 4213.5
          Lair |  21.8 |  22.0 |  13.3 |   0.0 |  27.6 | 10086.2
         Swamp |  19.7 |  19.1 |  53.3 |  33.3 |  34.7 | 19031.8
  Orcish Mines |  10.4 |  10.0 |  33.3 |   0.0 |   5.4 | 5923.0
   Elven Halls |   1.4 |   1.4 |   0.0 |   0.0 |   3.6 | 7899.0
               +-------+-------+-------+-------+-------+----------------------
